[Event "*** SCC Grand Prix: Titled Tuesday Blitz"]
[Site "Chess.com"]
[Date "2020.08.04"]
[Round "4"]
[White "DanielRensch"]
[Black "KuzubovYuriy"]
[Result "0-1"]
[WhiteElo "2559"]
[BlackElo "2832"]
[TimeControl "180+1"]
[EndTime "14:19:54 PDT"]
[Termination "KuzubovYuriy won by resignation"]

1. e4 c5 2. Nf3 Nc6 3. d4 cxd4 4. Nxd4 Nf6 5. Nc3 e5 6. Ndb5 d6 7. Bg5 a6 8. Na3 b5 9. Bxf6 gxf6 10. Nd5 f5 11.
Bd3 Be6 12. O-O Bxd5 13. exd5 Ne7 14. Nxb5 Bg7 15. Nc3 e4 16. Bc4 Qc7 17. Bb3 Bxc3 18. bxc3 O-O 19. Qh5 f4 20. h4 Ng6 21. Rae1 Rae8 22.
Ba4 Re5 23. Qg4 h5 24. Qh3 Qe7 25. g3 Kh7 26. c4 Rg8 27. Kh2 e3 28. fxe3 fxg3+ 29. Qxg3 Re4 30. Rf4 Nxf4 0-1

[Event "*** SCC Grand Prix: Titled Tuesday Blitz"]
[Site "Chess.com"]
[Date "2020.08.04"]
[Round "4"]
[White "ZEN-22"]
[Black "Artur0208"]
[Result "0-1"]
[WhiteElo "2508"]
[BlackElo "2779"]
[TimeControl "180+1"]
[EndTime "14:19:57 PDT"]
[Termination "Artur0208 won by resignation"]

1. g3 d5 2. Bg2 Nf6 3. c4 d4 4. Nf3 Nc6 5. O-O e5 6. e3 Be7 7.
exd4 exd4 8. b4 Bxb4 9. Ne5 Nxe5 10. Qa4+ Nc6 11. Bxc6+ bxc6 12. Qxb4 Qd6 13. Re1+ Be6 14. Qa5 c5 15. Ba3 Nd7 16. d3 O-O 17. Nd2 Rfe8 18. Nb3 Qb6 19. Qa4 h6 20. Re4 Bf5 21. Rxe8+ Rxe8 22. Bxc5 Qb7 23. Bxd4 Bh3 0-1

[Event "*** SCC Grand Prix: Titled Tuesday Blitz"]
[Site "Chess.com"]
[Date "2020.08.04"]
[Round "4"]
[White "kingmonkey2006"]
[Black "Msb2"]
[Result "0-1"]
[WhiteElo "2524"]
[BlackElo "2802"]
[TimeControl "180+1"]
[EndTime "14:19:59 PDT"]
[Termination "Msb2 won by resignation"]

1. e4 e6 2. d4 d5 3. Nd2 c5 4. exd5 Qxd5 5. Ngf3 cxd4 6. Bc4 Qd7 7. O-O Nc6 8. Nb3 a6 9. Nbxd4 Nxd4 10. Nxd4 Qc7 11. Qe2 Bd6 12. Nf5 Bxh2+ 13. Kh1 Be5 14. Re1 g6 15. Qxe5 Qxe5 16. Rxe5 gxf5 17. Bd2 Ne7 18. Bg5 Rg8 19. Bd2 Bd7 20. Rd1 Bc6 21. f3 O-O-O 22. Ree1 Ng6 23. Ba5 Rxd1 24. Rxd1 Ne5 25. Be2 f4 26. c4 h5 27. Be1 h4 28. Kh2 h3 29.
g4 Bxf3 0-1

[Event "*** SCC Grand Prix: Titled Tuesday Blitz"]
[Site "Chess.com"]
[Date "2020.08.04"]
[Round "4"]
[White "Marreuh"]
[Black "mortngabriel"]
[Result "0-1"]
[WhiteElo "2126"]
[BlackElo "2433"]
[TimeControl "180+1"]
[EndTime "14:20:03 PDT"]
[Termination "mortngabriel won by resignation"]

1. e4 c5 2. c3 a6 3. d4 cxd4 4. cxd4 d5 5. exd5 Nf6 6. Nc3 Nxd5 7. Nf3 g6 8. Bc4 Nxc3 9. bxc3 Bg7 10. O-O O-O 11.
Bf4 Nc6 12. Re1 b5 13. Bb3 Bb7 14. Ne5 Na5 15. Bc2 Rc8 16. Re3 Bxe5 17. Bxe5 Nc4 18. Qg4 Nxe3 19. fxe3 Rxc3 20. Bb3 Bd5 21. Bxd5 Qxd5 22.
e4 Qc4 23. d5 Rc1+ 24. Rxc1 Qxc1+ 25. Kf2 f5 26. exf5 Rxf5+ 0-1

[Event "*** SCC Grand Prix: Titled Tuesday Blitz"]
[Site "Chess.com"]
[Date "2020.08.04"]
[Round "4"]
[White "AJSC02"]
[Black "FMOlexandrProhorov"]
[Result "0-1"]
[WhiteElo "2252"]
[BlackElo "2115"]
[TimeControl "180+1"]
[EndTime "14:20:19 PDT"]
[Termination "FMOlexandrProhorov won by resignation"]

1. e4 c5 2. Nf3 e6 3. c3 Nf6 4. e5 Nd5 5. d4 cxd4 6. cxd4 b6 7. Nc3 Bb7 8. g3 Nxc3 9. bxc3 Qc7 10. Bd2 Nc6 11. Bg2 d6 12. exd6 Bxd6 13. O-O O-O 14.
Re1 Na5 15. Ng5 h6 16. Ne4 Be7 17. Bf4 Qd8 18. Qd3 Rc8 19. Rad1 Bd5 20. a4 Bb3 21. Ra1 Bc4 22. Qe3 g5 23. Be5 f6 0-1

[Event "*** SCC Grand Prix: Titled Tuesday Blitz"]
[Site "Chess.com"]
[Date "2020.08.04"]
[Round "4"]
[White "Fandorine"]
[Black "MarcoRiehle"]
[Result "0-1"]
[WhiteElo "2896"]
[BlackElo "2749"]
[TimeControl "180+1"]
[EndTime "14:20:28 PDT"]
[Termination "MarcoRiehle won by resignation"]

1. e4 e5 2. Nf3 Nf6 3. Nxe5 Nxe4 4. Nf3 d5 5. d3 Nf6 6. Qe2+ Qe7 7. Bg5 Be6 8. Nc3 Nc6 9. a3 O-O-O 10. O-O-O h6 11.
Bd2 d4 12. Ne4 Nd5 13. Re1 Nb6 14. Kb1 Rd5 15. Bc1 Rb5 16. c4 dxc3 17. Nxc3 Rb3 18. d4 Qxa3 19. d5 Bf5+ 20. Ne4 Nb4 0-1

[Event "*** SCC Grand Prix: Titled Tuesday Blitz"]
[Site "Chess.com"]
[Date "2020.08.04"]
[Round "4"]
[White "cukin84"]
[Black "Belka1989"]
[Result "1-0"]
[WhiteElo "2181"]
[BlackElo "2289"]
[TimeControl "180+1"]
[EndTime "14:20:29 PDT"]
[Termination "cukin84 won by checkmate"]

1. e4 e5 2. Nf3 Nc6 3. c3 Nf6 4.
d4 exd4 5. e5 Nd5 6. cxd4 Bb4+ 7. Bd2 Bxd2+ 8. Nbxd2 d6 9. Bb5 O-O 10. O-O Bg4 11. Qb3 Nb6 12. h3 Be6 13. Qc2 dxe5 14.
Bxc6 bxc6 15. dxe5 Bd5 16. b3 Re8 17. Rad1 Qe7 18.
Ne4 Nd7 19. Neg5 Nxe5 20. Qxh7+ Kf8 21. Qh8# 1-0

[Event "*** SCC Grand Prix: Titled Tuesday Blitz"]
[Site "Chess.com"]
[Date "2020.08.04"]
[Round "4"]
[White "dopolian"]
[Black "Jenia84"]
[Result "1-0"]
[WhiteElo "2496"]
[BlackElo "2356"]
[TimeControl "180+1"]
[EndTime "14:20:39 PDT"]
[Termination "dopolian won by resignation"]

1. Nf3 Nf6 2. c4 e6 3. g3 Be7 4. Bg2 O-O 5. O-O c5 6. b3 Nc6 7.
Bb2 b6 8. d4 cxd4 9. Nxd4 Bb7 10. Nc3 Rc8 11. Rc1 a6 12. Qd2 Qc7 13. Nd5 exd5 14.
cxd5 Qd8 15. dxc6 dxc6 16. Rfd1 Bc5 17. b4 Bxd4 18. Qxd4 Qxd4 19. Bxd4 b5 20. Bxf6 gxf6 21. Rd7 Ba8 22. Kf1 Rfd8 23. Rcd1 Re8 24. Ra7 Kf8 25.
Rdd7 1-0

[Event "*** SCC Grand Prix: Titled Tuesday Blitz"]
[Site "Chess.com"]
[Date "2020.08.04"]
[Round "4"]
[White "abfchess"]
[Black "51616516516"]
[Result "1-0"]
[WhiteElo "2146"]
[BlackElo "2268"]
[TimeControl "180+1"]
[EndTime "14:20:42 PDT"]
[Termination "abfchess won by resignation"]

1. d4 Nf6 2. Nf3 g6 3. Bg5 Ne4 4. Bf4 Bg7 5. e3 O-O 6. Bd3 d5 7. O-O c5 8. c3 Nc6 9. Nbd2 Nxd2 10. Qxd2 Re8 11. Ne5 Nxe5 12. Bxe5 f6 13. Bg3 e5 14. dxc5 a5 15. b4 f5 16. Rad1 Be6 17. Bb5 Rf8 18. h3 Qg5 19. c6 bxc6 20. Bxc6 Rad8 21.
bxa5 f4 22. exf4 exf4 23. a6 h6 24. a7 fxg3 25. Qxg5 gxf2+ 26. Rxf2 hxg5 27. Rxf8+ Rxf8 28. a8=Q Rxa8 29. Bxa8 1-0

[Event "*** SCC Grand Prix: Titled Tuesday Blitz"]
[Site "Chess.com"]
[Date "2020.08.04"]
[Round "4"]
[White "mishanick"]
[Black "GM_LOADING"]
[Result "1-0"]
[WhiteElo "2934"]
[BlackElo "2615"]
[TimeControl "180+1"]
[EndTime "14:20:43 PDT"]
[Termination "mishanick won by resignation"]

1. d4 Nf6 2. c4 e6 3. Nf3 Bb4+ 4. Nbd2 b6 5. g3 Bb7 6. Bg2 O-O 7. O-O a5 8. a3 Bxd2 9. Qxd2 d6 10. b3 Nbd7 11. Bb2 Be4 12. Rac1 h6 13. Rfe1 Qe7 14. Qc3 Rfd8 15. Bh3 Bh7 16. Nd2 c5 17. e4 cxd4 18. Qxd4 Rac8 19. f4 Nc5 20. b4 Na4 21. Ba1 e5 22. Qe3 Re8 23. f5 Rc7 24. Qb3 Qd7 25. Bf1 Rec8 26. Rc2 axb4 27. axb4 b5 28. Rec1 bxc4 29. Bxc4 Nb6 30. Bxf7+ Qxf7 31. Rxc7 Qxb3 32. Rxc8+ Nxc8 33. Rxc8+ Kf7 34. Nxb3 1-0

[Event "*** SCC Grand Prix: Titled Tuesday Blitz"]
[Site "Chess.com"]
[Date "2020.08.04"]
[Round "4"]
[White "xberli"]
[Black "Makswolf200817"]
[Result "1-0"]
[WhiteElo "2329"]
[BlackElo "2461"]
[TimeControl "180+1"]
[EndTime "14:20:47 PDT"]
[Termination "xberli won on time"]

1. e4 e6 2. d4 d5 3. Nc3 Bb4 4. e5 c5 5. a3 Bxc3+ 6. bxc3 Qa5 7.
Bd2 Qa4 8. Qg4 Kf8 9. h4 Ne7 10. h5 h6 11. Rh3 Nbc6 12. Qf4 cxd4 13. Rf3 Nf5 14. g4 Qxc2 15. gxf5 1-0

[Event "*** SCC Grand Prix: Titled Tuesday Blitz"]
[Site "Chess.com"]
[Date "2020.08.04"]
[Round "4"]
[White "AGW2016"]
[Black "LubovMarkelova"]
[Result "0-1"]
[WhiteElo "2431"]
[BlackElo "2243"]
[TimeControl "180+1"]
[EndTime "14:20:51 PDT"]
[Termination "LubovMarkelova won by resignation"]

1. d4 d5 2. c4 dxc4 3. e4 Nf6 4. e5 Nd5 5. Bxc4 Bf5 6. Nc3 Nb4 7. Qa4+ N8c6 8. d5 Nc2+ 9. Kf1 Nxa1 10. dxc6 b6 11. Bg5 Bc2 12. Qb5 h6 13. Bh4 g5 14. Bg3 e6 15. h4 a6 16. Bxe6 fxe6 17. Qc4 Bd3+ 0-1

[Event "*** SCC Grand Prix: Titled Tuesday Blitz"]
[Site "Chess.com"]
[Date "2020.08.04"]
[Round "4"]
[White "gisela_roque"]
[Black "KarstenHansch"]
[Result "0-1"]
[WhiteElo "1854"]
[BlackElo "2416"]
[TimeControl "180+1"]
[EndTime "14:20:53 PDT"]
[Termination "KarstenHansch won by resignation"]

1. c4 e6 2. Nf3 d5 3. b3 Nf6 4. Bb2 Be7 5. g3 O-O 6. Bg2 c5 7. O-O Nc6 8. d3 d4 9. Nbd2 e5 10. Qc2 Bd6 11. a3 a5 12. Rfe1 Bf5 13. Nh4 Bd7 14.
Ne4 Nxe4 15. Bxe4 f5 16. Bg2 Qf6 17. Bc1 Rae8 18. Nf3 h6 19. e3 e4 20. dxe4 fxe4 21. Nh4 g5 22. exd4 Nxd4 23. Qb2 gxh4 24. Rxe4 Rxe4 25.
Bxe4 hxg3 26. hxg3 Bxg3 27. Bd5+ Kh8 0-1

[Event "*** SCC Grand Prix: Titled Tuesday Blitz"]
[Site "Chess.com"]
[Date "2020.08.04"]
[Round "4"]
[White "OparinGrigoriy"]
[Black "Steven_Rojas"]
[Result "1-0"]
[WhiteElo "2942"]
[BlackElo "2443"]
[TimeControl "180+1"]
[EndTime "14:20:57 PDT"]
[Termination "OparinGrigoriy won on time"]

1. d4 e6 2. Nf3 Nf6 3. c4 d5 4. g3 Be7 5. Bg2 O-O 6. Nc3 dxc4 7. Ne5 Nc6 8. Bxc6 bxc6 9. Nxc6 Qe8 10. Nxe7+ Qxe7 11. Qa4 c5 12. dxc5 Qxc5 13. Be3 Qc7 14. Rd1 Bb7 15. f3 Nd5 16. Bd4 Nxc3 17. Bxc3 Rfd8 18. Rxd8+ Qxd8 19. Qxc4 Rc8 20. Qg4 g6 21. Kf2 Qb6+ 22. Bd4 Qb4 23. Rd1 e5 24. Bxe5 Qxg4 25. fxg4 Re8 26.
Bf6 Bc8 27. g5 Bg4 28. Rd2 h6 29. gxh6 Kh7 30. Bg7 Rc8 31. b4 Rc4 32. h4 Re4 33. Rd8 g5 34. hxg5 Rxe2+ 35. Kf1 Rxa2 36. Bf6 Bh3+ 37.
Ke1 Rg2 38. Rh8+ Kg6 39. Rg8+ Kf5 40. h7 1-0

[Event "*** SCC Grand Prix: Titled Tuesday Blitz"]
[Site "Chess.com"]
[Date "2020.08.04"]
[Round "4"]
[White "Fighter008"]
[Black "SantoBlue"]
[Result "0-1"]
[WhiteElo "2611"]
[BlackElo "2912"]
[TimeControl "180+1"]
[EndTime "14:21:04 PDT"]
[Termination "SantoBlue won by checkmate"]

1. e4 d6 2. d4 Nf6 3. Nc3 e5 4. Nf3 Nbd7 5. Bc4 Be7 6. O-O O-O 7. a4 c6 8. Re1 h6 9. Bb3 Re8 10. Nh4 exd4 11. Qxd4 d5 12. e5 Bc5 13. Qf4 g5 14.
Qg3 Bd4 15. Bxg5 hxg5 16. Qxg5+ Kh8 17. Nf5 Bxf2+ 18. Kxf2 Rg8 19. Qh4+ Nh7 20. Qd4 Qg5 21.
Ng3 Rg7 22. Kg1 Ndf8 23. Qf2 Ne6 24. Kh1 Bd7 25. Nf5 Rg6 26. Nd6 Rf8 27. Nxf7+ Rxf7 28. Qxf7 Qxg2# 0-1

[Event "*** SCC Grand Prix: Titled Tuesday Blitz"]
[Site "Chess.com"]
[Date "2020.08.04"]
[Round "4"]
[White "Goryachkina"]
[Black "ChessWarrior7197"]
[Result "0-1"]
[WhiteElo "2585"]
[BlackElo "2876"]
[TimeControl "180+1"]
[EndTime "14:21:05 PDT"]
[Termination "ChessWarrior7197 won by resignation"]

1. e4 c5 2. Nf3 d6 3. c3 Nf6 4. Be2 g6 5. O-O Bg7 6. Bb5+ Bd7 7. Bxd7+ Nfxd7 8. d4 O-O 9. Re1 Nc6 10. d5 Nce5 11.
Be3 Nc4 12. Qe2 Nxe3 13. Qxe3 b5 14. Nbd2 a5 15. a4 b4 16. Nc4 Qc8 17. cxb4 cxb4 18. Rac1 Qa6 19. Nd4 Bxd4 20. Qxd4 Nc5 21. Qd1 Rac8 22.
h3 Rfd8 23. Kh2 Rc7 24. Ne3 Rdc8 25. Rc4 Nd7 26. Rxc7 Rxc7 27. Qd2 Nc5 28. Qc2 Qd3 29. Rc1 Qxc2 30. Rxc2 Ra7 31. f3 Nxa4 32. Rc8+ Kg7 33. Nc4 Nc5 34. Rb8 Nd3 35. Rb5 a4 0-1

[Event "*** SCC Grand Prix: Titled Tuesday Blitz"]
[Site "Chess.com"]
[Date "2020.08.04"]
[Round "4"]
[White "ailime26"]
[Black "davigator"]
[Result "0-1"]
[WhiteElo "1884"]
[BlackElo "2290"]
[TimeControl "180+1"]
[EndTime "14:21:16 PDT"]
[Termination "davigator won on time"]

1. e4 c5 2. Nf3 Nc6 3. d4 cxd4 4.
Nxd4 Nf6 5. Nc3 d6 6. Be3 Ng4 7. Bc1 Qb6 8. Bb5 Bd7 9. Bxc6 bxc6 10. f3 e5 11. fxg4 exd4 12. Ne2 c5 13. O-O Bxg4 14.
Qd3 Be7 15. Nf4 Be6 16. Qf3 O-O 17. Qg3 Bf6 18. Nh5 Be5 19. Bf4 g6 20. Bxe5 dxe5 21. Nf6+ Kg7 22. Qxe5 Qb8 23. Qg5 h6 24. Qxc5 Qb6 25.
Qe5 d3+ 26. Kh1 Qb8 0-1

[Event "*** SCC Grand Prix: Titled Tuesday Blitz"]
[Site "Chess.com"]
[Date "2020.08.04"]
[Round "4"]
[White "Iskusnyh"]
[Black "ChronicUnhappiness"]
[Result "1-0"]
[WhiteElo "2567"]
[BlackElo "2381"]
[TimeControl "180+1"]
[EndTime "14:21:17 PDT"]
[Termination "Iskusnyh won by resignation"]

1. d4 d5 2. c4 e6 3. Nf3 Nf6 4. g3 c5 5. cxd5 exd5 6. Bg2 Nc6 7. O-O Be7 8. dxc5 Bxc5 9. a3 O-O 10. b4 Bb6 11.
Nc3 Re8 12. Bb2 Bg4 13. Rc1 Qd7 14. Na4 Ne4 15. Nxb6 axb6 16. b5 Na5 17. Ne5 Rxe5 18.
Bxe5 Bf5 19. a4 Qe6 20. Ba1 Nc4 21. Qd4 f6 22. Rfd1 Bh3 23. Qxd5 Qxd5 24. Rxd5 Bxg2 25.
Rxc4 Bh3 26. Rxe4 Rc8 27. Rd1 1-0

[Event "*** SCC Grand Prix: Titled Tuesday Blitz"]
[Site "Chess.com"]
[Date "2020.08.04"]
[Round "4"]
[White "Artem_Sadovsky"]
[Black "Mikhail_Golubev"]
[Result "0-1"]
[WhiteElo "2395"]
[BlackElo "2600"]
[TimeControl "180+1"]
[EndTime "14:21:19 PDT"]
[Termination "Mikhail_Golubev won by resignation"]

1. Nf3 d6 2. g3 g6 3. Bg2 Bg7 4. O-O e5 5. c4 Nc6 6. Nc3 f5 7. d3 h6 8. Nh4 Nge7 9. e3 O-O 10. f4 g5 11. Nf3 Ng6 12. Nd5 exf4 13. gxf4 g4 14.
Ne1 h5 15. d4 h4 16. Nd3 h3 17.
Bh1 Be6 18. Bd2 Kh7 19. Be1 Rg8 20. Bg3 Rb8 21. Qd2 Nce7 22. Rae1 Nxd5 23. cxd5 Bd7 24.
e4 Bxd4+ 25. Nf2 Bb6 26. e5 dxe5 27. fxe5 Bb5 28. Qg5 Qxg5 0-1

[Event "*** SCC Grand Prix: Titled Tuesday Blitz"]
[Site "Chess.com"]
[Date "2020.08.04"]
[Round "4"]
[White "ArjunErigaisi2003"]
[Black "exoticprincess"]
[Result "1-0"]
[WhiteElo "3051"]
[BlackElo "2828"]
[TimeControl "180+1"]
[EndTime "14:21:21 PDT"]
[Termination "ArjunErigaisi2003 won by resignation"]

1. Nf3 c6 2. c4 d5 3. e3 Nf6 4. d4 Bf5 5. Nc3 e6 6. Nh4 g6 7. Be2 h5 8. Qb3 Qe7 9. Bd2 Ne4 10. Nxf5 gxf5 11. cxd5 exd5 12. Nxe4 fxe4 13. f3 exf3 14.
Bxf3 Na6 15. O-O O-O-O 16. Rae1 Bg7 17. Kh1 Nc7 18. e4 Qd7 19. Ba5 b6 20. Bc3 h4 21.
h3 Kb7 22. Bg4 Ne6 23. exd5 cxd5 24. a4 Rc8 25. Rxf7 Qxf7 26. Bxe6 Qh5 27. Bxd5+ Kb8 28. a5 Rh6 29. Re7 Rc7 30. Rxc7 Kxc7 31. Qc4+ Kd8 32. Bf3 Qe8 33. Qd5+ Kc7 34. Qb7+ 1-0

[Event "*** SCC Grand Prix: Titled Tuesday Blitz"]
[Site "Chess.com"]
[Date "2020.08.04"]
[Round "4"]
[White "Lupul_Cenusiu"]
[Black "Dedic8"]
[Result "0-1"]
[WhiteElo "2513"]
[BlackElo "2792"]
[TimeControl "180+1"]
[EndTime "14:21:22 PDT"]
[Termination "Dedic8 won by checkmate"]

1. d4 Nf6 2. c4 g6 3. Nc3 d5 4. cxd5 Nxd5 5. Bd2 Bg7 6. Nf3 Nb6 7. Rc1 O-O 8. Bg5 h6 9. Bh4 Bg4 10. e3 g5 11. Bg3 N8d7 12. h4 c5 13. hxg5 cxd4 14.
gxh6 Bf6 15. exd4 Rc8 16. Be2 Nc4 17. b3 Nd6 18. Nd5 Qa5+ 19. Kf1 Qxd5 20. Ne5 Bxe2+ 21.
Kxe2 Nf5 22. Nxd7 Nxg3+ 23. fxg3 Qxd7 24. Qd3 Qg4+ 25. Qf3 Qxd4 26. Qf5 Qe5+ 27. Qxe5 Bxe5 28. Rce1 Kh7 29. Kf3 f6 30. Re2 Rc3+ 31. Ke4 Rd8 32. Kf5 Rd6 33. Rh3 e6+ 34. Ke4 Rd4# 0-1

[Event "*** SCC Grand Prix: Titled Tuesday Blitz"]
[Site "Chess.com"]
[Date "2020.08.04"]
[Round "4"]
[White "AvitalBor"]
[Black "ChainsOfFantasia"]
[Result "1-0"]
[WhiteElo "2760"]
[BlackElo "2500"]
[TimeControl "180+1"]
[EndTime "14:21:23 PDT"]
[Termination "AvitalBor won by resignation"]

1. e4 e6 2. d4 d5 3. Nd2 c5 4. exd5 Qxd5 5. dxc5 Bxc5 6. Ngf3 Nf6 7. Bd3 b6 8. Qe2 O-O 9. Ne4 Bb7 10. Nxf6+ gxf6 11.
Bh6 Rd8 12. O-O-O Qh5 13. Be3 Nc6 14. g4 Bxe3+ 15. Qxe3 Qh3 16. Rhg1 Ne5 17. Rg3 Qxg3 18. hxg3 Bxf3 19. Be2 Bxg4 20. Rxd8+ Rxd8 21. f3 Bf5 22. g4 Bg6 23. f4 Nc6 24. c3 Ne7 25. f5 Nd5 26.
Qf2 exf5 27. gxf5 1-0

[Event "*** SCC Grand Prix: Titled Tuesday Blitz"]
[Site "Chess.com"]
[Date "2020.08.04"]
[Round "4"]
[White "StoreySniper"]
[Black "Bulldog167"]
[Result "0-1"]
[WhiteElo "2462"]
[BlackElo "2729"]
[TimeControl "180+1"]
[EndTime "14:21:29 PDT"]
[Termination "Bulldog167 won by resignation"]

1. e4 c5 2. Nf3 d6 3. d4 cxd4 4.
Nxd4 Nf6 5. Nc3 a6 6. h3 e5 7.
Nde2 b5 8. g4 Bb7 9. Bg2 b4 10.
Nd5 Nxd5 11. exd5 Be7 12. a3 bxa3 13. Rxa3 O-O 14. O-O Nd7 15. c4 a5 16. Ng3 g6 17.
Bh6 Re8 18. Ne4 Nf6 19. Qd2 Nxe4 20. Bxe4 Bf8 21. Bxf8 Rxf8 22. Rfa1 f5 23. gxf5 gxf5 24. Rg3+ Kh8 25. Qh6 Qf6 26. Qxf6+ Rxf6 27. Bc2 f4 28. Rga3 Rg8+ 29. Kh2 Rc8 30. b3 Bxd5 31. Rxa5 Bf3 32. Ra7 e4 33. Rg1 Rg6 34. Rxg6 hxg6 35. Re7 d5 36. Bb1 Kg8 37. cxd5 Rc1 0-1

[Event "*** SCC Grand Prix: Titled Tuesday Blitz"]
[Site "Chess.com"]
[Date "2020.08.04"]
[Round "4"]
[White "JonahWillow"]
[Black "allvim"]
[Result "1-0"]
[WhiteElo "2683"]
[BlackElo "2368"]
[TimeControl "180+1"]
[EndTime "14:21:30 PDT"]
[Termination "JonahWillow won by resignation"]

1. e4 c5 2. Nf3 d6 3. d4 cxd4 4. Qxd4 Nf6 5. Nc3 a6 6. e5 dxe5 7. Qxd8+ Kxd8 8. Nxe5 Ke8 9. Bc4 e6 10. Bg5 Be7 11. O-O-O b5 12. Be2 Bb7 13. Bf3 Bxf3 14. Nxf3 Nc6 15. Rhe1 Rd8 16. a4 b4 17. Ne2 Ne4 18.
Bxe7 Kxe7 19. Rf1 Rxd1+ 20. Kxd1 Rd8+ 21. Kc1 b3 22. cxb3 Nc5 23. Kc2 Rb8 24. Ned4 Nb4+ 25. Kb1 Nd5 26. Nc6+ 1-0

[Event "*** SCC Grand Prix: Titled Tuesday Blitz"]
[Site "Chess.com"]
[Date "2020.08.04"]
[Round "4"]
[White "VladaSviridova"]
[Black "chenxiaoyuer"]
[Result "0-1"]
[WhiteElo "2174"]
[BlackElo "2434"]
[TimeControl "180+1"]
[EndTime "14:21:31 PDT"]
[Termination "chenxiaoyuer won on time"]

1. d4 Nf6 2. c4 g6 3. Nc3 Bg7 4. e4 d6 5. Nf3 O-O 6. Be2 e5 7. O-O Nc6 8. d5 Ne7 9. Ne1 Nd7 10. Be3 f5 11. f3 f4 12. Bf2 g5 13. Nd3 Nf6 14. c5 Ng6 15. Rc1 Rf7 16. Kh1 h5 17. cxd6 cxd6 18. Nb5 Bf8 19. Qc2 Ne8 20.
Nxa7 Bd7 21. Qb3 g4 22. Qb6 Qg5 23. Nb5 g3 24. Bg1 h4 25. Ne1 h3 26. gxh3 Bxh3 27. hxg3 Bxf1 28. Bxf1 Rh7+ 29. Bh2 fxg3 30. Bg2 Rxh2+ 31.
Kg1 Qh4 32. Kf1 Nf4 33. Rc2 Rxa2 34. Qxb7 Rh1+ 0-1

[Event "*** SCC Grand Prix: Titled Tuesday Blitz"]
[Site "Chess.com"]
[Date "2020.08.04"]
[Round "4"]
[White "Beca95"]
[Black "dalmatinac101"]
[Result "1/2-1/2"]
[WhiteElo "2882"]
[BlackElo "2718"]
[TimeControl "180+1"]
[EndTime "14:21:33 PDT"]
[Termination "Game drawn by agreement"]

1. d4 Nf6 2. Nf3 g6 3. Nc3 Bg7 4. e4 d6 5. Be3 c6 6. h3 b5 7.
Bd3 O-O 8. a4 b4 9. Ne2 Nbd7 10.
Ng3 c5 11. d5 Qc7 12. Qe2 Bb7 13. O-O Rfe8 14. Rfe1 Rac8 15. b3 e6 16. dxe6 Rxe6 17. Rad1 Bxe4 18. Ng5 Bxd3 19. Qxd3 Ne5 20. Qa6 Ree8 21.
Qxd6 Qxd6 22. Rxd6 h6 23. N5e4 Nxe4 24. Nxe4 Nc4 25.
Nf6+ Bxf6 26. Rxf6 Nxe3 27. Rxe3 Rxe3 28. fxe3 c4 29.
Ra6 cxb3 30. cxb3 Rc3 31. Kf2 Rxb3 32. Rxa7 1/2-1/2

[Event "*** SCC Grand Prix: Titled Tuesday Blitz"]
[Site "Chess.com"]
[Date "2020.08.04"]
[Round "4"]
[White "Konavets"]
[Black "PotapovaM"]
[Result "1-0"]
[WhiteElo "3071"]
[BlackElo "2539"]
[TimeControl "180+1"]
[EndTime "14:21:33 PDT"]
[Termination "Konavets won by resignation"]

1. e4 c5 2. Nf3 d6 3. d4 cxd4 4. Nxd4 Nf6 5. Nc3 a6 6. Be2 e5 7. Nb3 Be7 8. O-O O-O 9. Kh1 Be6 10. f4 exf4 11. Bxf4 Nc6 12. Bd3 Ne5 13. Qe1 Rc8 14. Rd1 Qc7 15. Bg5 Nfg4 16. Bf4 Nf6 17. Bg5 Nfg4 18. Bc1 Nf6 19. Nd4 Rfe8 20. Nf5 Bf8 21.
Qg3 Kh8 22. Bg5 Nfd7 23. Bf4 Nf6 24. Bg5 Nfd7 25. Ne3 Nb6 26. Bf4 Be7 27. Bxe5 dxe5 28. Ned5 Nxd5 29. exd5 Bd6 30. dxe6 Rxe6 31. Bf5 e4 32.
Rxd6 1-0

[Event "*** SCC Grand Prix: Titled Tuesday Blitz"]
[Site "Chess.com"]
[Date "2020.08.04"]
[Round "4"]
[White "PSvidler"]
[Black "keepitcool9499"]
[Result "0-1"]
[WhiteElo "2928"]
[BlackElo "2647"]
[TimeControl "180+1"]
[EndTime "14:21:37 PDT"]
[Termination "keepitcool9499 won by resignation"]

1. c4 e6 2. g3 d5 3. Bg2 Nf6 4. b3 Be7 5. Bb2 O-O 6. Nf3 b6 7. O-O Bb7 8. cxd5 exd5 9. d4 Nbd7 10. Nc3 Rc8 11. Rc1 c5 12. dxc5 Nxc5 13. Nd4 Nce4 14.
Nxe4 Nxe4 15. Bxe4 dxe4 16. Nf5 Rxc1 17. Qxc1 Bf6 18.
Rd1 Qc8 19. Qf4 Qc2 20. Nh6+ Kh8 21. Qxf6 Qxd1+ 22. Kg2 e3+ 23. Kh3 Bc8+ 24. Kh4 Qd8 25.
Qxd8 Rxd8 26. fxe3 Be6 27. Bd4 Rc8 28. g4 Rc2 29.
Nf5 Bxf5 30. gxf5 Rxa2 31. Kg3 Rxe2 0-1

[Event "*** SCC Grand Prix: Titled Tuesday Blitz"]
[Site "Chess.com"]
[Date "2020.08.04"]
[Round "4"]
[White "aa175"]
[Black "diablanni"]
[Result "1-0"]
[WhiteElo "2473"]
[BlackElo "2305"]
[TimeControl "180+1"]
[EndTime "14:21:40 PDT"]
[Termination "aa175 won by resignation"]

1. d4 Nf6 2. Nf3 e6 3. Bf4 c5 4. e3 Nc6 5. Nbd2 d5 6. c3 Bd6 7. Bg3 O-O 8. Bd3 Qe7 9. e4 dxe4 10. Bxe4 cxd4 11. Bxc6 bxc6 12. Nxd4 Bxg3 13. hxg3 Ba6 14. Qa4 Qb7 15. g4 c5 16. g5 Qxg2 17. O-O-O cxd4 18. gxf6 dxc3 19. bxc3 g6 20. Rxh7 Rfc8 21. Rg7+ Kf8 22. Qb4+ 1-0

[Event "*** SCC Grand Prix: Titled Tuesday Blitz"]
[Site "Chess.com"]
[Date "2020.08.04"]
[Round "4"]
[White "icychess54"]
[Black "louis198"]
[Result "0-1"]
[WhiteElo "2269"]
[BlackElo "2519"]
[TimeControl "180+1"]
[EndTime "14:21:40 PDT"]
[Termination "louis198 won on time"]

1. c4 e6 2. Nf3 d5 3. e3 Nf6 4. Nc3 Be7 5. Be2 O-O 6. O-O c5 7. cxd5 exd5 8. d4 b6 9. b3 Ba6 10. Bb2 Bxe2 11. Qxe2 Nc6 12. Rfd1 Re8 13. Rac1 cxd4 14.
Nxd4 Nxd4 15. Rxd4 Bc5 16. Rd2 d4 17. Na4 dxe3 18.
Rxd8 exf2+ 19. Kf1 Raxd8 20. Nxc5 Rxe2 21. Kxe2 bxc5 22. Bxf6 gxf6 23. Rxc5 Rd2+ 24. Kf1 Rxa2 25. Rf5 Rb2 26. Rxf2 Rxb3 27. Ra2 Rb7 28. Kf2 Kf8 29. Kf3 Ke7 30.
Kf4 Rb4+ 31. Kf5 Rb5+ 32. Kf4 a5 33. g4 Re5 0-1

[Event "*** SCC Grand Prix: Titled Tuesday Blitz"]
[Site "Chess.com"]
[Date "2020.08.04"]
[Round "4"]
[White "DryCounty"]
[Black "Kavyev_Ruslan"]
[Result "0-1"]
[WhiteElo "2600"]
[BlackElo "2406"]
[TimeControl "180+1"]
[EndTime "14:21:41 PDT"]
[Termination "Kavyev_Ruslan won by resignation"]

1. e4 c5 2. Nf3 d6 3. d4 cxd4 4. Nxd4 Nf6 5. Nc3 a6 6. Be2 e5 7. Nb3 Be7 8. O-O O-O 9. Qd3 Be6 10. Bd2 b5 11. Nd5 Nbd7 12. Ba5 Qe8 13. Nc7 Qc8 14.
Nxa8 Qxa8 15. Bb4 Nxe4 16. Bf3 f5 17. Nd2 Ndf6 18. Rfe1 Bd5 19. c4 bxc4 20. Nxc4 Bxc4 21. Qxc4+ d5 22. Qb3 Rb8 23. a3 a5 24. Bxe4 fxe4 25. Qa4 axb4 26. axb4 Qxa4 27. Rxa4 Bxb4 28. Rc1 d4 29.
Kf1 d3 30. Rc7 Bd6 31. Rc6 Rxb2 32. Ra1 Bb4 33. Rc7 Ng4 34. Ra8+ Bf8 35. Ke1 Re2+ 36. Kd1 Nxf2+ 37. Kc1 e3 38. Rcc8 d2+ 39. Kb1 d1=Q+ 0-1